AoeStats
← Goth2Boss

Arena

509530869Analyzed
4v4 RM · 6d ago on Sep 27, 2026· 85m 47s· 8 players
Game mode
Random Map
Map size
Large (8 player)
Population
200
Speed
Normal
Resources
Standard
Victory
Conquest
Starting age
Dark Age
Ending age
Imperial Age
RankedLock teamsTeams togetherTeam positionsShared explorationLock speedFull tech treeHidden civsTurbo modeCheats
Victory
Defeat
🇨🇳 Chinese · China
845
+14
🇨🇳 Persians · China
845
+34
🇨🇴 Vietnamese · Colombia
785
+17
🇺🇸 Khmer · United States
749
+17
🇺🇸 Lithuanians · United States
863
-18
🇺🇸 Armenians · United States
802
-16
🇺🇸 Hindustanis · United States
787
-15
🇺🇸 Italians · United States
743
-13
js.paredesm
10:41 Feudal Age
11:09 Double-Bit Axe
11:13 Horse Collar
20:33 Castle Age
19:10 Padded Archer Armor
19:46 Fletching
22:43 Bow Saw
24:15 Bodkin Arrow
25:36 Heavy Plow
25:10 Elite Skirmisher
27:00 Stone Mining
31:19 Gold Mining
31:42 Treadmill Crane
35:45 Wheelbarrow
34:40 Pikeman
38:45 Imperial Age
37:50 Hand Cart
39:02 Squires
38:51 Halberdier
38:56 Imperial Skirmisher
39:51 Loom
48:19 Thumb Ring
50:25 Paper Money
50:40 Leather Archer Armor
55:33 Stone Shaft Mining
57:10 Chatras
59:00 Town Watch
65:46 Two-Man Saw
68:21 Bracer
71:08 Chemistry
72:54 Ballistics
75:44 Scale Mail Armor
75:55 Forging
79:45 Iron Casting
79:26 Chain Mail Armor
82:01 Plate Mail Armor
82:01 Ring Archer Armor
84:51 Caravan
RadCargo6254
0:46 Loom
13:43 Feudal Age
22:10 Castle Age
21:41 Gold Mining
21:34 Horse Collar
29:03 Stone Mining
33:20 Heavy Plow
38:48 Husbandry
40:37 Light Cavalry
41:28 Bloodlines
43:35 Double-Bit Axe
46:26 Imperial Age
44:34 Gold Shaft Mining
45:16 Town Watch
46:06 Wheelbarrow
45:57 Ballistics
46:16 Wheelbarrow
45:27 Town Watch
46:41 Cavalier
47:32 Bloodlines
47:31 Tusk Swords
47:58 Bow Saw
51:11 Stone Shaft Mining
55:16 Double Crossbow
56:09 Conscription
57:49 Elite Ballista Elephant
66:05 Heavy Scorpion
77:32 Hand Cart
85:11 Town Patrol
K.KasslanischerOrden
0:44 Loom
11:06 Feudal Age
18:29 Castle Age
16:47 Horse Collar
18:13 Double-Bit Axe
21:38 Heavy Plow
24:07 Fletching
26:27 Gold Mining
27:23 Bow Saw
28:30 Fervor
33:34 Imperial Age
31:29 Fortified Wall
31:30 Masonry
31:33 Bodkin Arrow
32:06 Great Wall
32:21 Padded Archer Armor
32:32 Forging
35:28 Chemistry
34:48 Ballistics
34:59 Architecture
34:43 Caravan
35:43 Gold Shaft Mining
34:58 Stone Mining
35:51 Wheelbarrow
35:15 Town Watch
36:34 Conscription
36:23 Husbandry
37:08 Bracer
37:10 Scale Mail Armor
38:21 Heavy Scorpion
39:52 Iron Casting
39:09 Capped Ram
39:54 Squires
39:15 Pikeman
40:37 Block Printing
40:43 Sanctity
40:26 Devotion
40:39 Thumb Ring
40:46 Bloodlines
41:37 Rocketry
41:25 Heavy Rocket Cart
43:12 Blast Furnace
42:28 Leather Archer Armor
42:18 Scale Barding Armor
42:29 Chain Mail Armor
43:21 Two-Man Saw
42:50 Murder Holes
44:47 Coinage
43:57 Light Cavalry
43:59 Cavalier
45:23 Stone Shaft Mining
44:33 Elite Chu Ko Nu
46:03 Town Patrol
46:19 Hand Cart
46:33 Capped Ram
48:42 Siege Ram
48:51 Cavalier
48:56 Crossbowman
52:55 Arbalester
53:00 Elite Skirmisher
54:22 Halberdier
54:48 Arson
55:41 Faith
55:59 Theocracy
54:54 Imperial Skirmisher
54:59 Man-at-Arms
55:28 Arrowslits
55:34 Guard Tower
56:16 Plate Mail Armor
56:16 Ring Archer Armor
61:01 Long Swordsman
63:16 Keep
63:01 Bombard Tower
63:04 Chain Barding Armor
68:20 Banking
83:52 Plate Barding Armor
83:09 Heated Shot
83:30 Atonement
85:01 Herbal Medicine
2016809064
10:57 Feudal Age
17:13 Castle Age
17:57 Double-Bit Axe
20:36 Horse Collar
22:57 Heavy Plow
26:53 Forging
27:58 Bloodlines
27:49 Husbandry
31:06 Imperial Age
29:36 Wheelbarrow
30:25 Hand Cart
31:58 Iron Casting
31:18 Pikeman
31:57 Halberdier
33:43 Blast Furnace
32:33 Fletching
33:45 Kamandaran
34:44 Scale Barding Armor
34:48 Elite War Elephant
37:07 Chain Barding Armor
36:45 Bodkin Arrow
36:24 Crossbowman
38:20 Squires
39:18 Bow Saw
39:41 Crop Rotation
39:07 Gambesons
41:17 Two-Man Saw
42:10 Plate Barding Armor
41:36 Scale Mail Armor
69:56 Chain Mail Armor
69:42 Padded Archer Armor
73:10 Light Cavalry
74:06 Hussar
82:41 Elite Skirmisher
83:28 Thumb Ring
86:53 Plate Mail Armor
BiscuitBoss
11:20 Feudal Age
11:48 Double-Bit Axe
11:44 Horse Collar
17:17 Castle Age
17:50 Bloodlines
17:59 Scale Barding Armor
18:19 Bow Saw
18:10 Heavy Plow
19:12 Husbandry
20:54 Fervor
21:03 Scale Barding Armor
21:08 Forging
22:45 Wheelbarrow
22:26 Gold Mining
24:40 Hand Cart
26:59 Light Cavalry
27:50 Bloodlines
29:24 Chain Barding Armor
29:39 Iron Casting
33:27 Imperial Age
33:33 Cavalier
35:33 Winged Hussar
38:16 Two-Man Saw
37:01 Capped Ram
38:42 Plate Barding Armor
38:40 Paladin
45:00 Scale Mail Armor
46:56 Illumination
51:01 Conscription
53:01 Pikeman
55:56 Halberdier
56:37 Squires
57:54 Tower Shields
65:37 Chain Mail Armor
LordSandwichBoss
14:17 Feudal Age
14:43 Horse Collar
14:49 Double-Bit Axe
17:55 Arson
17:54 Man-at-Arms
19:35 Long Swordsman
20:44 Scale Mail Armor
21:38 Forging
26:04 Pikeman
29:51 Castle Age
30:37 Two-Handed Swordsman
31:03 Gambesons
31:18 Squires
32:25 Iron Casting
32:06 Chain Mail Armor
32:04 Champion
33:46 Heavy Plow
34:55 Wheelbarrow
34:09 Town Watch
35:07 Bow Saw
35:00 Crossbowman
36:48 Padded Archer Armor
36:39 Fletching
37:36 Gold Mining
38:15 Hand Cart
38:31 Bodkin Arrow
38:52 Leather Archer Armor
39:31 Gold Shaft Mining
40:30 Halberdier
44:37 Imperial Age
42:24 Fortified Wall
42:39 Ballistics
45:54 Arbalester
46:15 Onager
48:15 Elite Skirmisher
49:27 Conscription
50:30 Fereters
64:50 Plate Mail Armor
65:21 Blast Furnace
72:37 Bracer
73:09 Ring Archer Armor
80:33 Caravan
BookishBoss
2:08 Loom
11:42 Feudal Age
12:36 Double-Bit Axe
12:33 Horse Collar
12:53 Stone Mining
12:53 Gold Mining
14:34 Arson
15:42 Gold Mining
18:40 Wheelbarrow
22:22 Town Watch
25:20 Castle Age
23:49 Man-at-Arms
27:09 Forging
27:05 Scale Barding Armor
27:00 Scale Mail Armor
26:24 Long Swordsman
26:24 Pikeman
27:04 Squires
27:08 Husbandry
29:50 Light Cavalry
31:27 Hand Cart
32:36 Bow Saw
33:50 Grand Trunk Road
35:11 Gold Shaft Mining
35:11 Stone Shaft Mining
35:17 Town Patrol
35:28 Heavy Plow
37:18 Iron Casting
38:13 Stone Shaft Mining
39:24 Bloodlines
44:27 Imperial Age
45:53 Conscription
46:09 Hoardings
45:28 Siege Elephant
45:55 Heavy Camel Rider
48:15 Shatagni
55:49 Chain Barding Armor
56:29 Blast Furnace
55:28 Murder Holes
57:24 Imperial Camel Rider
59:37 Two-Man Saw
59:11 Ballistics
65:25 Masonry
66:58 Hussar
Goth2Boss
15:04 Feudal Age
15:48 Horse Collar
16:57 Double-Bit Axe
19:39 Fletching
21:45 Arson
26:04 Wheelbarrow
30:26 Castle Age
28:47 Forging
28:35 Gold Mining
28:39 Stone Mining
30:23 Padded Archer Armor
30:25 Scale Mail Armor
32:05 Heavy Plow
32:20 Bow Saw
32:28 Hand Cart
32:18 Pikeman
32:59 Squires
32:23 Elite Skirmisher
34:29 Ballistics
36:26 Silk Road
37:15 Stone Shaft Mining
37:41 Fortified Wall
37:35 Murder Holes
38:55 Bodkin Arrow
39:17 Leather Archer Armor
40:00 Masonry
45:01 Imperial Age
44:53 Iron Casting
44:35 Chain Mail Armor
45:12 Treadmill Crane
46:07 Caravan
46:33 Conscription
46:24 Pirotechnia
47:21 Chemistry
46:53 Architecture
49:10 Elite Genoese Crossbowman
51:41 Bracer
52:11 Ring Archer Armor
52:12 Plate Mail Armor
58:24 Blast Furnace
60:52 Ring Archer Armor
72:16 Crop Rotation
Connection lost

Rejoining the realm…

Still unreachable

The connection could not be restored.

Session expired

The server has moved on; the page needs a fresh start.